 Dungeon Crawl Stone Soup version 0.26-a0-651-gb41185065b (webtiles) character file.

Game seed: 12743548196855127351

(classic levelgen) 1606 EnegeticOcto the Chopper (level 8, -2/74 HPs)
             Began as a Deep Dwarf Fighter on Oct 17, 2020.
             Slain by a red ugly thing (12 damage)
             ... on level 7 of the Dungeon.
             The game lasted 00:01:55 (2627 turns).

EnegeticOcto the Chopper (Deep Dwarf Fighter)       Turns: 2627, Time: 00:01:56

Health: -2/74      AC: 12    Str: 23    XL:     8   Next: 63%
Magic:  5/5        EV:  5    Int:  8    God:
Gold:   245        SH: 10    Dex: 12    Spells: 7/7 levels left

rFire    . . .     SeeInvis .   t - +1 war axe (curse)
rCold    . . .     Faith    .   c - +0 kite shield
rNeg     . . .     Spirit   .   h - +0 plate armour
rPois    .         Reflect  .   (no helmet)
rElec    .         Harm     .   (no cloak)
rCorr    .         Rampage  .   (no gloves)
MR       +....                  (no boots)
Stlth    ..........             (no amulet)
HPRegen  0.00/turn              (no ring)
MPRegen  0.09/turn              (no ring)

@: non-regenerating
A: damage resistance, heal wounds, sense surroundings 1, no regeneration
a: Heal Wounds


You were on level 7 of the Dungeon.
You visited 2 branches of the dungeon, and saw 8 of its levels.

You collected 245 gold pieces.

Inventory:

Hand Weapons
 a - a +0 war axe
 t - a cursed +1 war axe (weapon)
Armour
 c - a +0 kite shield (worn)
 h - a +0 plate armour (worn)
Scrolls
 e - 4 scrolls of amnesia {unknown}
 g - 4 scrolls of identify {unknown}
 i - 2 scrolls of enchant weapon {unknown}
 j - a scroll of fear {unknown}
 l - a scroll of teleportation {unknown}
 n - 3 scrolls of noise {unknown}
 o - 2 scrolls of blinking {unknown}
 r - a scroll of holy word {unknown}
 s - a scroll of fog {unknown}
Potions
 b - 3 potions of curing {unknown}
 d - 2 potions of might {@q3}
 f - a potion of mutation {unknown}
 k - a potion of ambrosia {unknown}
 m - 2 potions of berserk rage {unknown}
 p - 2 potions of heal wounds {unknown}
 q - a potion of stabbing {unknown}
 u - a potion of cancellation {unknown}
 v - 3 potions of invisibility {unknown}
 w - a potion of brilliance {unknown}


   Skills:
 + Level 5.1 Fighting
 * Level 7.9 Axes
 + Level 6.2 Armour
 + Level 6.3 Shields


You had 7 spell levels left.
You didn't know any spells.
Your spell library was empty.

Dungeon Overview and Level Annotations

Branches:
Dungeon (7/15)             Temple (1/1) D:4

Altars:
Ashenzari
Cheibriados
Dithmenos
Elyvilon
Hepliaklqana
Kikubaaqudgha
Nemelex Xobeh
Qazlal
Ru
Sif Muna
Uskayaw
Xom
Yredelemnul
Zin
The Shining One

Shops:
D:6 [


Innate Abilities, Weirdness & Mutations

You are resistant to damage.
You can heal yourself by infusing magical energy.
You passively map a small area around you.
You do not regenerate.


Message History

You hit the red ugly thing but do no damage.
The red ugly thing is moderately wounded.
The red ugly thing gores you.
You are engulfed in flames!!
You hit the red ugly thing.
The red ugly thing is moderately wounded.
The red ugly thing barely misses you.
You hit the red ugly thing.
The red ugly thing is moderately wounded.
The red ugly thing gores you but does no damage.
The red ugly thing gores you.
You are engulfed in flames!
* * * LOW HITPOINT WARNING * * *
You are too injured to fight recklessly!
You are too injured to fight recklessly!
You are too injured to fight recklessly!
You are too injured to fight recklessly!
You are too injured to fight recklessly!
You are too injured to fight recklessly!
You are too injured to fight recklessly!
You are too injured to fight recklessly!
You are too injured to fight recklessly!
You are too injured to fight recklessly!
You are too injured to fight recklessly!
You are too injured to fight recklessly!
You are too injured to fight recklessly!
A red ugly thing is nearby!
You feel much better.
The red ugly thing gores you but does no damage.
You feel much better. You block the red ugly thing's attack.
You feel much better.
The red ugly thing gores you but does no damage.
Your health is already full.
You completely miss the red ugly thing.
The red ugly thing is moderately wounded.
The red ugly thing gores you.
You are engulfed in flames!
Your magical essence is drained by the effort!
You feel much better. The red ugly thing gores you.
You are engulfed in flames!
You slash the red ugly thing!
The red ugly thing is heavily wounded.
You block the red ugly thing's attack.
You hit the red ugly thing.
The red ugly thing is heavily wounded.
The red ugly thing gores you.
You are engulfed in flames!!
You hit the red ugly thing but do no damage.
The red ugly thing is heavily wounded.
You block the red ugly thing's attack.
You barely miss the red ugly thing.
The red ugly thing is heavily wounded.
You block the red ugly thing's attack.
You slash the red ugly thing!
The red ugly thing is severely wounded.
You block the red ugly thing's attack.
You hit the red ugly thing but do no damage.
The red ugly thing is severely wounded.
You block the red ugly thing's attack. The red ugly thing gores you!
You are engulfed in flames!!
* * * LOW HITPOINT WARNING * * *
You are too injured to fight recklessly!
You are too injured to fight recklessly!
You are too injured to fight recklessly!
You are too injured to fight recklessly!
You are too injured to fight recklessly!
You are too injured to fight recklessly!
You are too injured to fight recklessly!
You are too injured to fight recklessly!
You are too injured to fight recklessly!
You are too injured to fight recklessly!
You are too injured to fight recklessly!
You are too injured to fight recklessly!
You are too injured to fight recklessly!
You are too injured to fight recklessly!
You feel much better. You block the red ugly thing's attack.
You closely miss the red ugly thing.
The red ugly thing is heavily wounded.
The red ugly thing gores you but does no damage.
You barely miss the red ugly thing.
The red ugly thing is heavily wounded.
The red ugly thing barely misses you.
You hit the red ugly thing.
The red ugly thing is severely wounded.
The red ugly thing gores you.
You are engulfed in flames!!
* * * LOW HITPOINT WARNING * * *
You are too injured to fight recklessly!
You are too injured to fight recklessly!
You are too injured to fight recklessly!
You are too injured to fight recklessly!
You are too injured to fight recklessly!
You are too injured to fight recklessly!
You are too injured to fight recklessly!
You are too injured to fight recklessly!
You are too injured to fight recklessly!
You are too injured to fight recklessly!
You are too injured to fight recklessly!
You are too injured to fight recklessly!
You are too injured to fight recklessly!
You block the red ugly thing's attack.
The red ugly thing gores you but does no damage.
The red ugly thing gores you!
* * * LOW HITPOINT WARNING * * *
You are engulfed in flames!
You die...

#...###...# , ,, *
, #....#....# ,
.... , #.......###
...# ,
#.<.♣.<.#..###...
*#.......##..#..#*
#....#..).#$...# #
#...
##[).##...#.#.. *
*...
#....#........, .♣
##.♣.'@u......, *
,*, #...#.....###
* ##.##....## *
#.##..### *
#....## , ###### ,


You could see a red ugly thing.

Vanquished Creatures
  A water moccasin (D:5)
  An ice beast (D:5)
  A phantom (D:5)
  2 ogres (D:4)
  2 centaurs
  4 wights (D:6)
  A howler monkey (D:6)
  2 hounds
  2 orc priests
  A centaur skeleton (D:5)
  A jelly (D:5)
  5 orc wizards
  A gnoll shaman (D:6)
  4 iguanas
  4 worker ants
  A howler monkey zombie (D:5)
  4 gnolls (D:6)
  6 adders
  2 white imps (D:5)
  2 worms
  2 dart slugs
  A leopard gecko (D:1)
  27 orcs
  8 bats
  3 giant cockroaches
  2 goblins
  3 hobgoblins (D:3)
  18 jackals
  4 kobolds
  3 quokkas
  A ball python skeleton (D:4)
  3 frilled lizards
  A jackal skeleton (D:6)
  A leopard gecko skeleton (D:5)
  A quokka skeleton (D:5)
  4 rats
129 creatures vanquished.

Vanquished Creatures (others)
  5 withered plants (D:4)
5 creatures vanquished.

Grand Total: 134 creatures vanquished

Notes
Turn   | Place    | Note
-------+----------+-------------------------------------------
     0 | D:1      | EnegeticOcto the Deep Dwarf Fighter began the quest for the
                  | Orb.
     0 | D:1      | Reached XP level 1. HP: 20/20 MP: 1/1
   108 | D:1      | Reached XP level 2. HP: 21/27 MP: 2/2
   173 | D:2      | Reached skill level 3 in Axes
   179 | D:2      | Found a broken altar of Ashenzari.
   182 | D:2      | Reached XP level 3. HP: 22/33 MP: 3/3
   286 | D:2      | Found a shimmering altar of Xom.
   450 | D:3      | Reached XP level 4. HP: 39/42 MP: 4/4
   642 | D:4      | Reached skill level 4 in Axes
   642 | D:4      | Reached XP level 5. HP: 37/49 MP: 5/5
   696 | D:4      | Noticed a centaur
   705 | D:4      | Killed a centaur
   718 | D:4      | Found a snail-covered altar of Cheibriados.
   729 | D:4      | Noticed an ogre
   738 | D:4      | Killed an ogre
   738 | D:4      | Reached XP level 6. HP: 25/57 MP: 0/5
   776 | D:4      | Found a staircase to the Ecumenical Temple.
   786 | D:4      | Found a shadowy altar of Dithmenos.
   911 | Temple   | Entered the Ecumenical Temple
  1080 | D:4      | Reached skill level 5 in Axes
  1122 | D:4      | Found an ancient bone altar of Kikubaaqudgha.
  1251 | D:4      | Found a stormy altar of Qazlal.
  1334 | D:5      | Entered Level 5 of the Dungeon
  1401 | D:5      | Reached skill level 5 in Shields
  1401 | D:5      | Reached XP level 7. HP: 33/64 MP: 5/5
  1452 | D:5      | Found a broken altar of Ashenzari.
  1460 | D:5      | Reached skill level 5 in Armour
  1532 | D:5      | Reached skill level 6 in Axes
  1852 | D:5      | Reached XP level 8. HP: 66/73 MP: 6/6
  1942 | D:5      | Reached skill level 7 in Axes
  2297 | D:6      | Reached skill level 5 in Fighting
  2424 | D:6      | Found a basalt altar of Yredelemnul.
  2440 | D:6      | Found Ynerik's Armour Shoppe.
  2600 | D:7      | Noticed a red ugly thing
  2627 | D:7      | Slain by a red ugly thing

Illustrated notes

Levels and vault maps discovered:
D:1:      dpeg_arrival_court, layout_basic, minmay_door_square
D:2:      layout_loops_cross, nicolae_gozag_seed_capital, tgw_trog,
          lemuel_round_altar, nicolae_overflow_crystal_walls,
          chequers_serial_rivers_small_a, xom_redecorated
D:3:      layout_loops_cross, st_stairs_3
D:4:      layout_gridville, kiku_gazebo_garden_becter, marbit_many_paths,
          kennysheep_mini, temple_pool_b, hangedman_abyss_or_decor_stabs,
          st_stairs_9, cheibriados_altar_1
D:5:      layout_loops_ring, basic_altar
D:6:      layout_rooms, serial_shops, nicolae_shop_behind_doors,
          yredelemnul_altar_generic
D:7:      layout_cave_pools, grunt_ministairs_13, uniq_maggie
Temple:   eino_wide_crystal_templ

Skill      XL: |  1  2  3  4  5  6  7  8 |
---------------+-------------------------+-----
Axes           | 3 4 5 6 7 |  7.9
Fighting       | 3 4 5 |  5.1
Shields        | 4 5 6 |  6.3
Armour         | 4 5 6 |  6.2

Action                   |  1- 3 |  4- 6 |  7- 9 || total
-------------------------+-------+-------+-------++-------
Melee: War axe           |    80 |   161 |   210 ||   451
 Abil: Heal Wounds       |     1 |     4 |    11 ||    16
Armor: Scale mail        |    22 |       |       ||    22
       Plate armour      |    10 |    98 |   116 ||   224
Dodge: Dodged            |    17 |    19 |    51 ||    87
Block: Kite shield       |    50 |    76 |   121 ||   247

Table legend: (Time is in decaauts)
 A = Elapsed time spent in this place.
 B = Non-inter-level travel time spent in this place.
 C = Inter-level travel time spent in this place.
 D = Time resting spent in this place.
 E = Time spent auto-exploring this place.
 F = Levels seen in this place.
 G = Mean time per level.
                   A        B        C        D        E       F      G
               +--------+--------+--------+--------+--------+-----+--------+
         Total |   2769 |   2580 |    189 |      0 |   1669 |   8 |  346.1 |
       Dungeon |   2717 |   2541 |    176 |      0 |   1631 |   7 |  388.1 |
        Temple |     51 |     39 |     12 |      0 |     38 |   1 |   51.0 |
               +--------+--------+--------+--------+--------+-----+--------+

Top non-repeatable levels by time:
     D:5: 865 daAuts
     D:4: 682 daAuts
     D:6: 435 daAuts
     D:3: 325 daAuts
     D:2: 230 daAuts
     D:1: 125 daAuts
     D:7: 53 daAuts
  Temple: 51 daAuts
